 Dungeon Crawl Stone Soup version 0.31-a0-631-g285b096dc4 (webtiles) character file.

Game seed: 10722682778381611178

381 Dittersdorf the Trooper (level 6, -6/40 HPs)
             Began as a Gargoyle Fighter on Aug 25, 2023.
             Splashed by a jelly's acid (9 damage)
             ... on level 4 of the Dungeon.
             The game lasted 00:04:43 (3029 turns).

Dittersdorf the Trooper (Gargoyle Fighter)          Turns: 3029, Time: 00:04:44

Health: -6/40      AC:  0    Str: 21    XL:     6   Next: 75%
Magic:  0/6        EV:  7    Int:  9    God:
Gold:   179        SH:  9    Dex:  9    Spells: 5/5 levels left

rFire   . . .        a - +1 flail
rCold   . . .        t - +1 kite shield
rNeg    + . .        r - +0 chain mail
rPois   ∞            u - +0 helmet
rElec   +            (no cloak)
rCorr   .            (no gloves)
SInv    .            (no boots)
Will    .....        i - amulet of guardian spirit Stlth
                     (no ring)
HPRegen 0.26/turn    (no ring)
MPRegen 0.10/turn

%: guardian spirit
@: corroded
A: sickness immunity, AC +4, negative energy resistance 1, electricity
resistance, torment resistance 1, petrification resistance
a: no special abilities


You were on level 4 of the Dungeon.
You visited 1 branch of the dungeon, and saw 4 of its levels.

You collected 179 gold pieces.

Inventory:

Hand Weapons
 a - a +1 flail (weapon)
Armour
 r - a +0 chain mail (worn)
 t - a +1 kite shield (worn)
 u - a +0 helmet (worn)
Jewellery
 i - an amulet of guardian spirit (around neck)
Wands
 c - a wand of paralysis (7)
Scrolls
 g - a scroll of enchant weapon
Potions
 b - 2 potions of degeneration {unknown}
 d - a potion of might
 e - a potion of magic {unknown}
 f - a potion of invisibility {unknown}
 h - a potion of curing {unknown}
 k - a potion of brilliance {unknown}
 n - a potion of enlightenment {unknown}
 o - a potion of attraction {unknown}
 p - 2 potions of haste
 s - a potion of berserk rage


   Skills:
 + Level 4.9 Fighting
 + Level 3.8 Maces & Flails
 + Level 4.9 Armour
 + Level 4.9 Shields


You had 5 spell levels left.
You didn't know any spells.
Your spell library contained the following spells:

 Spells                   Type           Power      Damage    Failure   Level
 Kiss of Death            Conj/Necr      0%         2d5       99%         1
 Shock                    Conj/Air       0%         1d3       99%         1
 Sting                    Tmut/Pois      0%         1d3       99%         1
 Poisonous Vapours        Pois/Air       0%         N/A       100%        2
 Confusing Touch          Hex            0%         N/A       100%        3
 Swiftness                Air            0%         N/A       100%        3
 Airstrike                Air            0%         2d(0-16)  100%        4
 Dispel Undead            Necr           0%         3d6       100%        4
 Olgreb's Toxic Radiance  Pois           0%         N/A       100%        4


Dungeon Overview and Level Annotations

Branches:
Dungeon (4/15)
 Temple: D:4-7

Altars:
Uskayaw


Innate Abilities, Weirdness & Mutations

You are immune to sickness and miasma.
Your stone body is resilient. (AC +4)
You are immune to poison.
You resist negative energy. (rN+)
You are resistant to electric shocks. (rElec)
You are resistant to unholy torment.
You are immune to petrification.


Message History

The hound is almost dead.
You block the hound's attack. The jelly hits you. The acid corrodes you!
You are splashed with acid!
The adder bites you.
You are too injured to fight recklessly!
You are too injured to fight recklessly!
You are too injured to fight recklessly!
You are too injured to fight recklessly!
You are too injured to fight recklessly!
You are too injured to fight recklessly!
You are too injured to fight recklessly!
You are too injured to fight recklessly!
You are too injured to fight recklessly!
You are too injured to fight recklessly!
You are too injured to fight recklessly!
You are too injured to fight recklessly!
You are too injured to fight recklessly!
You are too injured to fight recklessly!
You are too injured to fight recklessly!
You are too injured to fight recklessly!
You are too injured to fight recklessly!
You are too injured to fight recklessly!
You hit the hound.
You kill the hound!
You block the adder's attack. The jelly hits you but does no damage.
You block the adder's attack. The jelly hits you but does no damage.
You hit the jelly.
Your hands burn!
The jelly is moderately wounded.
You block the adder's attack. The jelly hits you. The acid corrodes you!
You are splashed with acid!
* * * LOW HITPOINT WARNING * * *
You block the adder's attack.
You hit the jelly. The acid corrodes you!
Your hands burn!
* * * LOW HITPOINT WARNING * * *
The jelly is severely wounded.
The adder bites you.
* * * LOW HITPOINT WARNING * * *
The jelly hits you.
* * * LOW HITPOINT WARNING * * *
The acid corrodes you!
You are splashed with acid!
You die...

#...#######
*.......?
#...#
**#######
#...#######
#.........#
#.........#
##........#
#........#
#........#
#..@.....#
#.†JS....#
#........#
***#........#
*,,.........#
*,..........#
*...........#
#)..........#
*,,,,,,,,,,,*


You could see a jelly and an adder.

Vanquished Creatures
  A scorpion (D:3)
  4 hounds (D:4)
  An iguana (D:4)
  A gnoll (D:3)
  6 adders
  2 worms
  17 orcs
  10 ball pythons
  6 bats
  6 endoplasms
  A giant cockroach (D:1)
  5 goblins
  14 hobgoblins
  A jackal (D:2)
  6 quokkas
  3 frilled lizards
  5 kobolds
  5 rats
94 creatures vanquished.

Notes
Turn   | Place    | Note
-------+----------+-------------------------------------------
     0 | D:1      | Dittersdorf the Gargoyle Fighter began the quest for the
                  | Orb.
     0 | D:1      | Reached XP level 1. HP: 14/14 MP: 1/1
   179 | D:1      | Reached XP level 2. HP: 19/19 MP: 2/2
   627 | D:1      | Reached XP level 3. HP: 22/23 MP: 3/3
  1083 | D:2      | Reached XP level 4. HP: 29/29 MP: 4/4
  1326 | D:2      | Found a faded altar of an unknown god.
  1589 | D:3      | Noticed a scorpion
  1606 | D:3      | Killed a scorpion
  1607 | D:3      | Reached XP level 5. HP: 19/34 MP: 5/5
  2571 | D:3      | Found a hide-covered altar of Uskayaw.
  2824 | D:4      | Reached XP level 6. HP: 39/39 MP: 6/6
  3029 | D:4      | Splashed by a jelly's acid

Illustrated notes

Levels and vault maps discovered:
D:1:      amcnicky_arrival_choice, layout_basic, grunt_decor_junction
D:2:      wander_river, layout_rooms, shapermc_ecumenical_altar_starsandcircs,
          st_stairs_4
D:3:      minmay_chambers_of_threes, layout_basic, mainiacjoe_overflow_alcove_4,
          minmay_diced_spiral
D:4:      layout_basic

Skill      XL: |  1  2  3  4 |
---------------+-------------+-----
Fighting       | 4 |  4.9
Armour         | 4 |  4.9
Shields        | 4 |  4.9
Maces & Flails | 3 |  3.8

Action                     |  1- 3 |  4- 6 || total
---------------------------+-------+-------++-------
  Melee: Flail             |   131 |   283 ||   414
    Use: Scroll            |       |    10 ||    10
 Armour: Scale mail        |    20 |       ||    20
         Chain mail        |    73 |   177 ||   250
  Dodge: Dodged            |    52 |   102 ||   154
  Block: Buckler           |    65 |    78 ||   143
         Reflection        |     1 |     1 ||     2
         Kite shield       |       |   120 ||   120

Table legend: (Time is in decaauts)
 A = Elapsed time spent in this place.
 B = Non-inter-level travel time spent in this place.
 C = Inter-level travel time spent in this place.
 D = Time resting spent in this place.
 E = Time spent auto-exploring this place.
 F = Levels seen in this place.
 G = Mean time per level.
                   A        B        C        D        E       F      G
               +--------+--------+--------+--------+--------+-----+--------+
         Total |   3190 |   3102 |     88 |    310 |   1867 |   4 |  797.5 |
       Dungeon |   3190 |   3102 |     88 |    310 |   1867 |   4 |  797.5 |
               +--------+--------+--------+--------+--------+-----+--------+

Top non-repeatable levels by time:
     D:3: 1383 daAuts
     D:1: 796 daAuts
     D:2: 665 daAuts
     D:4: 345 daAuts
